 Dungeon Crawl Stone Soup version 0.18.1-6-gd335043 (webtiles) character file.

166 tix the Sneak (level 5, -2/39 HPs)
             Began as a Demonspawn Assassin on May 18, 2016.
             Slain by a worker ant (3 damage)
             ... on level 3 of the Dungeon.
             The game lasted 00:03:45 (2373 turns).

tix the Sneak (Demonspawn Assassin)                 Turns: 2373, Time: 00:03:46

Health: -2/39      AC: 11    Str: 11    XL:     5   Next: 22%
Magic:  14/14      EV:  5    Int: 12    God:
Gold:   63         SH:  0    Dex: 16    Spells: 0 memorised, 4 levels left

rFire  + . .     SeeInvis .     a - +2 dagger
rCold  + . .     Gourm    .     n - +0 shadow dragon armour
rNeg   . . .     Faith    .     (no shield)
rPois  +         Spirit   .     (helmet restricted)
rElec  +         Dismiss  +     d - +0 cloak
rCorr  +         Reflect  .     (no gloves)
SustAt .         Harm     .     (no boots)
MR     .....                    k - amulet of dismissal
Stlth  ++++......               s - ring of flight
                                r - ring of magical power

@: lethally poisoned (-2 -> -11), resistant, flying, not resistant to hostile
enchantments, stealthy
A: antennae 1, claws 1, talons 1
a: no special abilities


You were on level 3 of the Dungeon.
You were not hungry.

You visited 1 branch of the dungeon, and saw 3 of its levels.

You collected 63 gold pieces.

Inventory:

Hand Weapons
 a - a +2 dagger (weapon)
 b - a +0 blowgun
Missiles
 e - 8 poisoned needles
 f - 2 curare-tipped needles
Armour
 c - a +0 robe
 d - a +0 cloak (worn)
 n - a +0 shadow dragon armour (worn)
Jewellery
 k - an amulet of dismissal (around neck)
 r - a ring of magical power (left claw)
 s - a ring of flight (right claw)
Wands
 q - a wand of teleportation (4/9)
Scrolls
 l - a scroll of remove curse {unknown}
 x - a scroll of blinking {unknown}
Books
 t - a book of Transfigurations

   Spells                             Type                      Level
   a - Irradiate                      Conjuration/Transmutation    5
   b - Statue Form                    Transmutation/Earth          6
   c - Hydra Form                     Transmutation                6
   d - Dragon Form                    Transmutation                7
Comestibles
 g - a bread ration
 p - 2 meat rations


   Skills:
 - Level 2.4 Fighting
 + Level 2.6 Short Blades
 - Level 1.8 Throwing
 + Level 1.0 Armour
 + Level 1.9 Dodging
 * Level 5.1 Stealth


You had 4 spell levels left.
You didn't know any spells.

Dungeon Overview and Level Annotations

Branches:
Dungeon (3/15)

Altars:
Pakellas
Zin


Innate Abilities, Weirdness & Mutations

You have a pair of small antennae on your head.
You have sharp fingernails.
You have sharp toenails.


Message History

* * * LOW HITPOINT WARNING * * *
You are lethally poisoned!
The worker ant poisons you!
Drink which item? (? for menu, Esc to quit)
It was a potion of flight.
You feel very buoyant.
You fly up into the air.
* * * LOW HITPOINT WARNING * * *
You feel sick.
The worker ant bites you but does no damage.
Drink which item? (? for menu, Esc to quit)
It was a potion of magic.
Magic courses through your body.
* * * LOW HITPOINT WARNING * * *
You feel sick. The worker ant bites you.
* * * LOW HITPOINT WARNING * * *
Drink which item? (? for menu, Esc to quit)
You feel protected.
* * * LOW HITPOINT WARNING * * *
You feel sick. The worker ant bites you.
You die...

...h ..# #...#........# #..
... #.# #..<#........###..
..##..#.####...#.##.##.......
....>.#.............##.....#.
#...................##.......
#.......†....# #..#.##.
#.....g.###......#####..#)##.
......### #...$..............
#>#### #.@...#########.###
#.a...# #...## #####.....###
#..... #...†......... #.#.##
#.#####.######. #.#.##
####.#####......#. #.....
#.......##.####.#.#####.#.
#.##.##.# .# ........##...
###.##.##.# .# #...§.....##


You could see a worker ant.

Vanquished Creatures
  Jessica (D:2)
  Ijyb (D:3)
  An orc wizard (D:3)
  2 adders (D:2)
  An ooze (D:2)
  2 worms (D:3)
  2 dart slugs (D:1)
  A giant gecko (D:2)
  4 orcs (D:3)
  5 bats
  2 giant cockroaches
  6 goblins
  11 hobgoblins
  2 jackals (D:3)
  A quokka (D:3)
  A giant newt (D:1)
  5 kobolds
  5 rats
53 creatures vanquished.

Notes
Turn   | Place    | Note
--------------------------------------------------------------
     0 | D:1      | tix the Demonspawn Assassin began the quest for the Orb.
     0 | D:1      | Reached XP level 1. HP: 16/16 MP: 1/1
     6 | D:1      | Noticed a swamp drake
     6 | D:1      | Noticed an anaconda
     6 | D:1      | Noticed a black bear
     6 | D:1      | Noticed a wolf
    58 | D:1      | Gained mutation: You have a pair of small antennae on your head. [demonic ancestry]
    58 | D:1      | Reached XP level 2. HP: 12/22 MP: 2/2
    67 | D:1      | Reached skill level 4 in Stealth
   487 | D:1      | Reached skill level 1 in Dodging
   590 | D:1      | Gained mutation: You have sharp fingernails. [demonic ancestry]
   590 | D:1      | Reached XP level 3. HP: 27/27 MP: 3/3
   811 | D:2      | Noticed Jessica
   814 | D:2      | Killed Jessica
   869 | D:2      | Found an oddly glowing altar of Pakellas.
   943 | D:2      | Reached XP level 4. HP: 34/34 MP: 4/4
  1577 | D:2      | Noticed an angel
  1578 | D:2      | Found a glowing silver altar of Zin.
  2230 | D:3      | Noticed Ijyb
  2233 | D:3      | Gained mutation: You have sharp toenails. [demonic ancestry]
  2233 | D:3      | Reached XP level 5. HP: 35/39 MP: 5/5
  2250 | D:3      | Reached skill level 5 in Stealth
  2263 | D:3      | Killed Ijyb
  2263 | D:3      | Reached skill level 1 in Armour
  2373 | D:3      | HP: 1/39 [poisoned by a worker ant]
  2373 | D:3      | Slain by a worker ant

Skill      XL: |  1  2  3  4  5 |
---------------+----------------+-----
Short Blades   | 2 |  2.6
Stealth        | 4 5 |  5.1
Dodging        | 1 |  1.9
Armour         | 1 |  1.0
Fighting       | |  2.4
Throwing       | |  1.8

Action                   |  1- 3 |  4- 6 || total
-------------------------+-------+-------++-------
Melee: Dagger            |    61 |   161 ||   222
       Kick              |       |    12 ||    12
  Use: Scroll            |       |     5 ||     5
       Potion            |       |     6 ||     6
 Stab: Sleeping          |    16 |     4 ||    20
       Distracted        |       |     1 ||     1
  Eat: Meat ration       |       |     1 ||     1
       Chunk             |       |     1 ||     1
Armor: Robe              |     7 |       ||     7
       Shadow dragon arm |       |    96 ||    96
       Shadow dragon hid |       |    27 ||    27
Dodge: Dodged            |    27 |    38 ||    65
